Map: 2000 Atmospheres LE

Players

A.I. 2 (Very Easy)

  • Race: Terran Terran

Freak - Winner!

  • Race: Protoss Protoss
  • League: Master

VOD

Have the link to the VOD?

Description

Time

  • Played on: March 18, 2022, 7:43 p.m.
  • Length: 7:52
Show
View Real Time Build Order
Export as new Build Order

A.I. 2 (Very Easy) Terran 

Build Orders:  

Get SALT Encoding   

  12  0:00  SCV  
  13  0:13  SCV  
  14  0:18  Supply Depot  
  14  0:37  Refinery  
  14  0:42  Barracks  
  14  1:02  Supply Depot  
  14  1:11  Refinery  
  14  1:30  Marine  
  14  1:31  Orbital Command  
  15  1:48  Barracks Tech Lab  
  15  1:56  SCV  
  16  2:08  SCV  
  16  2:10  Marine  
  18  2:20  SCV  
  19  2:32  SCV  
  20  2:44  SCV  
  21  2:52  Marauder  
  21  2:57  SCV  
  24  5:10  Marine  
  24  5:12  Supply Depot  
  22  5:16  SCV  
  19  5:28  SCV  
  2  5:40  SCV  
Show
View Real Time Build Order
Export as new Build Order

Freak Protoss - Winner!

Build Orders: 1 Gate Expand, Blink Stalkers 

Get SALT Encoding   

  12  0:00  Probe  
  13  0:12  Probe  
  14  0:18  Pylon  
  14  0:24  Probe (Chrono Boost)  
  15  0:37  Gateway, Probe (Chrono Boost)  
  16  0:45  Probe (Chrono Boost)  
  16  0:46  Assimilator  
  17  0:51  Probe  
  18  1:03  Probe  
  19  1:15  Probe  
  20  1:21  Nexus  
  20  1:32  Cybernetics Core  
  20  1:34  Probe  
  21  1:40  Assimilator  
  21  1:46  Probe  
  22  1:50  Pylon  
  22  1:58  Probe (Chrono Boost)  
  23  2:06  Adept (Chrono Boost)  
  25  2:10  Warp Gate, Probe (Chrono Boost)  
  26  2:18  Probe (Chrono Boost)  
  26  2:21  Twilight Council  
  27  2:26  Probe (Chrono Boost)  
  28  2:30  Stalker  
  28  2:34  Probe (Chrono Boost)  
  32  2:42  Probe (Chrono Boost)  
  32  2:43  Probe (Chrono Boost)  
  33  2:48  Probe (Chrono Boost)  
  33  2:49  Probe  
  35  2:57  Blink  
  35  3:00  Probe (Chrono Boost)  
  35  3:01  Probe (Chrono Boost)  
  37  3:06  Gateway  
  37  3:12  Probe (Chrono Boost)  
  38  3:15  Robotics Facility  
  38  3:19  Probe (Chrono Boost)  
  39  3:21  Probe (Chrono Boost)  
  39  3:25  Probe (Chrono Boost)  
  41  3:28  Gateway  
  41  3:31  Probe  
  42  3:37  Gateway  
  42  3:39  Pylon  
  42  3:40  Assimilator  
  42  3:43  Probe  
  42  3:44  Probe  
  44  4:00  Stalker x2  
  48  4:04  Warp Prism (Chrono Boost), Pylon  
  50  4:13  Pylon  
  50  4:19  Probe x2  
  52  4:24  Stalker  
  52  4:25  Pylon  
  52  4:26  Stalker  
  56  4:33  Observer  
  56  4:34  Stalker  
  59  4:45  Nexus  
  59  4:56  Stalker x3  
  65  5:00  Stalker  
  67  5:17  Charge (Chrono Boost), Probe (Chrono Boost)  
  67  5:18  Pylon, Probe (Chrono Boost)  
  69  5:24  Forge  
  69  5:25  Forge  
  69  5:29  Probe (Chrono Boost)  
  69  5:30  Assimilator  
  69  5:35  Probe (Chrono Boost)  
  71  5:37  Probe (Chrono Boost)  
Tags
 
Add a new tag
Caveats
  • Supply blocks, unpowered buildings, or Contaminate may cause inaccurate times.
  • Supply counts are checked every 10 seconds.